 Dungeon Crawl Stone Soup version 0.30.0-10-gfe55d96785 (webtiles) character file.

Game seed: 17196510823401690597

38965 cowcol the Severer (level 13, 0/177 (183) HPs)
             Began as a Minotaur Fighter on May 14, 2023.
             Was a High Priest of Okawaru.
             Slain by an Executioner (7 damage)
             ... summoned by a dread lich
             ... on level 3 of the Abyss.
             The game lasted 01:00:29 (20030 turns).

cowcol the Severer (Minotaur Fighter)              Turns: 20030, Time: 01:00:29

HP:   0/177 (183)   AC: 26    Str: 29    XL:     13   Next: 66%
MP:   16/16         EV:  2    Int:  7    God:    Okawaru [*****.]
Gold: 1864          SH:  6    Dex: 13    Spells: 12/12 levels left

rFire   . . .        I - +5 broad axe "Spiderslayer" {flame, rC+ Dex+2}
rCold   + . .        c - +0 buckler
rNeg    . . .        Q - melded +0 plate armour
rPois   +            T - melded +0 hat "Weaxizua" {rN+ Str+3 SInv}
rElec   .            U - melded +0 cloak
rCorr   .            M - melded +2 pair of gloves {Dex+3}
SInv    .            (boots currently unavailable)
Will    +....        N - amulet of regeneration
Stlth   +            i - +6 ring of strength
HPRegen 0.00/turn    F - ring of willpower
MPRegen 0.15/turn

%: no passive effects
@: mighty, tree-form, attractive, sick, lightly drained
A: stationary, stasis, torment immunity, boosted hp, (horns 2), (retaliatory
headbutt), (talons 1), (iridescent scales 2), subdued magic 1
a: Renounce Religion, Heroism, Finesse, Duel


You were on level 3 of the Abyss.
You worshipped Okawaru.
Okawaru was extremely pleased with you.
You were a tree.
You visited 2 branches of the dungeon, and saw 14 of its levels.
You visited the Abyss 1 time.
You also visited: Sewer and Bailey.

You collected 1912 gold pieces.
You spent 48 gold pieces at shops.

Inventory:

Hand Weapons
 a - a +2 broad axe
 l - the +4 battleaxe "Luympies" {freeze, *Corrode rN+ SInv}
   (Okawaru gifted it to you on level 2 of the Lair of Beasts)

   rN:        It protects you from negative energy.
   SInv:      It lets you see invisible.
   *Corrode:  It may corrode you when you take damage.
 D - a +0 long sword
 I - the +5 broad axe "Spiderslayer" (weapon) {flame, rC+ Dex+2}
   (Okawaru gifted it to you on level 11 of the Dungeon)

   Dex:       It affects your dexterity (+2).
   rC:        It protects you from cold.
 L - a +1 battleaxe of chaos
 X - the +3 spear "Cuekhiod" {spect, rElec rN+++ Will-}
   (You found it on level 9 of the Dungeon)

   rElec:     It insulates you from electricity.
   rN:        It renders you almost immune to negative energy.
   Will:      It decreases your willpower.
 Z - a +3 scimitar of flaming
Missiles
 m - 17 poisoned darts (quivered)
 B - 2 throwing nets
 G - 5 javelins
 J - 13 boomerangs
Armour
 c - a +0 buckler (worn)
 j - a +4 scale mail of fire resistance
 M - a +2 pair of gloves of dexterity (melded)
 Q - a +0 plate armour (melded)
 T - the +0 hat "Weaxizua" (melded) {rN+ Str+3 SInv}
   (You acquired it on level 11 of the Dungeon)

   Str:       It affects your strength (+3).
   rN:        It protects you from negative energy.
   SInv:      It lets you see invisible.
 U - a +0 cloak (melded)
 V - the +7 chain mail of Deax {rElec}
   (Okawaru gifted it to you on level 3 of the Abyss)

   rElec:     It insulates you from electricity.
Jewellery
 i - a +6 ring of strength (left branch)
 v - a ring of positive energy
 z - a ring of protection from fire
 A - a ring of flight
 C - a ring of see invisible
 F - a ring of willpower (right branch)
 N - an amulet of regeneration (around neck)
 R - a +4 ring of slaying
Wands
 p - a wand of digging (4)
 t - a wand of roots (7)
 w - a wand of paralysis (4)
 E - a wand of acid (13)
 S - a wand of flame (24)
Scrolls
 d - a scroll of amnesia
 g - a scroll of fear
 h - 4 scrolls of fog
 k - 8 scrolls of teleportation
 y - 4 scrolls of poison
 O - a scroll of magic mapping
 Y - 3 scrolls of identify
Potions
 e - 2 potions of magic
 f - 2 potions of ambrosia {unknown}
 n - a potion of mutation
 o - a potion of resistance {unknown}
 q - a potion of haste {unknown}
 s - 3 potions of attraction
 x - a potion of lignification
 H - a potion of brilliance {unknown}
 K - 4 potions of flight
 P - a potion of heal wounds {unknown}
Miscellaneous
 b - a lightning rod (4/4)


   Skills:
 + Level 13.6 Fighting
 + Level 17.8 Axes
 - Level 2.0 Throwing
 + Level 14.1 Armour
 + Level 9.6 Shields
 - Level 6.0 Invocations
 + Level 0.5 Evocations


You had 12 spell levels left.
You didn't know any spells.
Your spell library contained the following spells:

 Spells                   Type           Power      Damage    Failure   Level
 Apportation              Tloc           0%         N/A       41%         1
 Necrotise                Necr           0%         1d4       41%         1
 Shock                    Conj/Air       0%         1d3       41%         1
 Ensorcelled Hibernation  Hex/Ice        0%         N/A       56%         2
 Passwall                 Tmut/Erth      0%         N/A       56%         2
 Static Discharge         Conj/Air       0%         2-2/arc   56%         2
 Frozen Ramparts          Ice            0%         1d1       80%         3
 Portal Projectile        Hex/Tloc       0%         N/A       80%         3
 Swiftness                Air            0%         N/A       80%         3
 Airstrike                Air            0%         2d(0-16)  99%         4
 Ice Form                 Ice/Tmut       0%         N/A       99%         4
 Passage of Golubria      Tloc           0%         N/A       99%         4
 Blade Hands              Tmut           0%         N/A       100%        5
 Yara's Violent Unravell  Hex/Tmut       0%         3d3       100%        5
 Iron Shot                Conj/Erth      0%         9d1       100%        6
 Summon Small Mammal      Summ           Unusable   N/A       N/A         1
 Tukima's Dance           Hex            Unusable   N/A       N/A         3
 Animate Armour           Summ/Erth      Unusable   N/A       N/A         4
 Summon Ice Beast         Ice/Summ       Unusable   N/A       N/A         4
 Summon Lightning Spire   Summ/Air       Unusable   N/A       N/A         4

Dungeon Overview and Level Annotations

Branches:
Dungeon (11/15)            Temple (0/1) D:7            Lair (3/5) D:9
 Shoals (0/4) Lair:2       Spider (0/4) Lair:2          Orc (0/2) D:9
  Sewer (visited)          Bailey (visited)

Altars:
Elyvilon
Fedhas
Hepliaklqana
Okawaru
Qazlal
Trog
Xom
Zin

Shops:
D:4 *   D:5 :=(

Annotations:
D:9 1 transporter
Lair:3 Rupert


Innate Abilities, Weirdness & Mutations

You are a tree.
Your roots penetrate the ground, keeping you stationary.
You cannot be teleported.
You are immune to unholy pain and torment.
Your maximum health is greatly increased.
Your equipment is partially melded.
((You have a pair of horns on your head.))
((You reflexively headbutt those who attack you in melee.))
((You have sharp toenails.))
((You are mostly covered in iridescent scales. (AC +4)))
Your spells are a little easier to cast, but a little less powerful.


Message History

You hear some strange, mumbled words.
Something touches you!
* * * LOW HITPOINT WARNING * * *
You feel drained.
* * * LOW HITPOINT WARNING * * *
The Executioner hits you.
* * * LOW HITPOINT WARNING * * *
The Executioner hits you but does no damage.
The Executioner hits you.
* * * LOW HITPOINT WARNING * * *
Something touches you but does no damage.
The Executioner hits you but does no damage. x2
The Executioner hits you.
* * * LOW HITPOINT WARNING * * *
You cannot move.
As you read the scroll of fear, it crumbles to dust.
You assume a fearsome visage.
The Executioner looks frightened!
Something touches you but does no damage.
The Executioner is attracted toward you.
Okay, then.
Aiming: Duel (47% risk of failure)
Press: ? - help, Dir - move target, f - Executioner
Aim: an Executioner (summoned, fleeing)
You cannot duel that!
You cannot move.
Aiming: Duel (47% risk of failure)
Press: ? - help, Dir - move target, p - Executioner You can see no monster there to duel!
You feel very mighty all of a sudden.
Something touches you but does no damage. x2
The Executioner is attracted toward you.
You catch the helpless Executioner completely off-guard!
You slice the Executioner!! You burn the Executioner.
Your attack snaps the Executioner out of its fear.
The Executioner is heavily wounded.
You miss something.
You hear some strange, mumbled words.
Something tries to affect you, but you resist.
The Executioner hits you!
You die...

# #. ## .. # #
# #. # #.. ...
# . . . . # #
... #.# ..###
.. . ..... ...
# #.. .... #.
. . ##. .
..... .# .
.##... .#### #
# .. ##♣.# .
.# . #1{1.# ##
. #.>#.....#
##......
#.§.##..
#............#
... .
.............#
.# . ..##.
##..#... . ...
#..##.. ....
#.. .. .....
###.#


You could see a Hell Sentinel (summoned) and an Executioner (summoned).

Vanquished Creatures
  Gastronok (D:11)
  Harold (Lair:2)
  A centaur warrior (D:10)
  A boulder beetle (D:10)
  2 hydras (Lair:3)
  A two-headed ogre (shapeshifter) (D:10)
  Sonja (Lair:2)
  Nergalle (D:11)
  A skyshark (Lair:3)
  Lodul (D:11)
  An orc knight (D:10)
  An ugly thing (D:10)
  An oklob plant (Lair:3)
  A cyclops (D:10)
  3 elephants (Lair:2)
  3 merfolk sirens (Lair:2)
  A black mamba (Lair:2)
  Joseph (D:9)
  A dire elephant zombie (Abyss:3)
  An unseen horror (Abyss:3)
  4 cane toads
  A gargoyle (D:10)
  4 komodo dragons
  A rime drake (Lair:2)
  An efreet (D:10)
  2 freezing wraiths
  A yaktaur (D:10)
  2 ancient zymes (Abyss:3)
  6 kobold demonologists
  6 trolls
  2 hornets (D:10)
  A merfolk (Lair:2)
  9 blink frogs (Lair:2)
  A jumping spider (Lair:2)
  5 shadows
  A slime creature (D:10)
  32 yaks
  A culicivora (Lair:2)
  A vampire (D:11)
  2 basilisks
  A wraith (D:10)
  3 wyverns
  An unseen horror simulacrum (D:10)
  10 starcursed masses (Abyss:3)
  A steam dragon (D:10)
  A redback (Lair:2)
  A vampire mosquito (D:10)
  Menkaure (D:5)
  An acid dragon (D:11)
  4 black bears
  Pargi (Sewer)
  9 water moccasins
  6 ice beasts
  16 orc warriors
  7 centaurs
  4 wolves (Lair:1)
  7 ogres (D:11)
  A phantom (D:9)
  2 kobold brigands
  10 bullfrogs
  4 scorpions
  3 gnoll sergeants
  9 wights
  A troll zombie (D:9)
  10 killer bees
  An electric eel (Lair:2)
  8 howler monkeys
  4 hounds
  A small abomination (Abyss:3)
  9 orc priests
  A jelly (D:7)
  2 gnoll boudas (D:10)
  Jessica (D:2)
  11 hell rats
  3 iguanas
  3 sleepcaps
  14 orc wizards
  5 ogre zombies (D:9)
  23 gnolls
  10 adders
  2 white imps
  An ufetubus (D:5)
  5 dart slugs
  A worm (D:2)
  36 orcs
  7 ball pythons
  3 endoplasms
  8 giant cockroaches
  6 goblins
  6 hobgoblins
  7 quokkas
  4 bats
  A frilled lizard (Sewer)
  A goblin skeleton (D:9)
  6 goblin zombies (D:9)
  2 hobgoblin skeletons (D:9)
  2 hobgoblin zombies (D:9)
  26 kobolds
  An orc skeleton (D:9)
  7 orc zombies (D:9)
  6 rats
  A butterfly (D:5)
457 creatures vanquished.

Notes
Turn   | Place    | Note
-------+----------+-------------------------------------------
     0 | D:1      | cowcol the Minotaur Fighter began the quest for the Orb.
     0 | D:1      | Reached XP level 1. HP: 19/19 MP: 0/0
   131 | D:1      | Reached XP level 2. HP: 25/27 MP: 1/1
   591 | D:1      | Reached skill level 3 in Axes
   591 | D:1      | Reached XP level 3. HP: 33/33 MP: 2/2
   898 | D:2      | Noticed Jessica
  1132 | D:2      | Killed Jessica
  1133 | D:2      | Reached XP level 4. HP: 40/40 MP: 3/3
  1209 | D:2      | Reached skill level 4 in Axes
  1534 | D:2      | Found a faded altar of an unknown god.
  2013 | D:3      | Found an iron altar of Okawaru.
  2021 | D:3      | Became a worshipper of Warmaster Okawaru
  2056 | D:3      | Noticed a scorpion
  2104 | D:3      | Killed a scorpion
  2105 | D:3      | Reached skill level 5 in Axes
  2105 | D:3      | Reached XP level 5. HP: 18/46 MP: 4/4
  2243 | D:3      | Found a glowing drain.
  2251 | Sewer    | Entered a sewer
  2470 | Sewer    | Noticed Pargi
  2472 | Sewer    | Killed Pargi
  2473 | Sewer    | Reached skill level 5 in Shields
  2473 | Sewer    | Reached XP level 6. HP: 51/53 MP: 5/5
  2514 | Sewer    | Reached skill level 5 in Armour
  2750 | D:3      | Reached skill level 6 in Axes
  3240 | D:4      | Found a stormy altar of Qazlal.
  3599 | D:4      | Found a shimmering altar of Xom.
  3600 | D:4      | Found a hazy altar of Hepliaklqana.
  3601 | D:4      | Noticed a spectral ugly thing
  3662 | D:4      | Found Faluboidi's Assorted Antiques.
  3670 | D:4      | Bought 2 fizzy golden potions for 48 gold pieces
  4345 | D:4      | Reached XP level 7. HP: 60/60 MP: 6/6
  4496 | D:5      | Entered Level 5 of the Dungeon
  4496 | D:5      | Noticed Menkaure
  4503 | D:5      | Killed Menkaure
  4503 | D:5      | Reached * piety under Okawaru
  4504 | D:5      | Reached skill level 5 in Fighting
  4507 | D:5      | Reached skill level 7 in Axes
  4548 | D:5      | Found Tuvecumn's Antique Weapon Shop.
  4858 | D:5      | Found Vicres's Jewellery Shop.
  4939 | D:5      | Reached XP level 8. HP: 58/69 MP: 7/7
  5301 | D:5      | Found a white marble altar of Elyvilon.
  5476 | D:5      | Found Zum Loym's Book Shop.
  5507 | D:5      | Reached skill level 8 in Axes
  5612 | D:5      | Found a bloodstained altar of Trog.
  5629 | D:5      | Reached ** piety under Okawaru
  6217 | D:6      | Reached skill level 9 in Axes
  6530 | D:6      | Found a glowing silver altar of Zin.
  6752 | D:6      | Reached XP level 9. HP: 64/78 MP: 8/8
  7612 | D:7      | You fall into a shaft and drop 1 floor!
  7629 | D:8      | Reached skill level 10 in Axes
  7714 | D:8      | Found a flagged portal.
  7724 | Bailey   | Entered a bailey
  8288 | Bailey   | Reached *** piety under Okawaru
  8886 | D:7      | Reached skill level 11 in Axes
  9345 | D:7      | Reached skill level 1 in Throwing
  9414 | D:7      | Found a staircase to the Ecumenical Temple.
  9593 | D:7      | Reached XP level 10. HP: 76/90 MP: 9/9
 10599 | D:8      | Reached **** piety under Okawaru
 11140 | D:9      | Found a blossoming altar of Fedhas.
 11487 | D:8      | Gained mutation: Your spells are a little easier to cast,
                  | but a little less powerful. [potion of mutation]
 11487 | D:8      | Gained mutation: You have sharp toenails. [potion of
                  | mutation]
 11487 | D:8      | Gained mutation: You are partially covered in iridescent
                  | scales. (AC +2) [potion of mutation]
 11487 | D:8      | Gained mutation: You are mostly covered in iridescent
                  | scales. (AC +4) [potion of mutation]
 11810 | D:9      | Found a staircase to the Orcish Mines.
 11818 | D:9      | Reached skill level 10 in Armour
 11825 | D:9      | Reached skill level 12 in Axes
 12332 | D:9      | Noticed Joseph
 12355 | D:9      | Killed Joseph
 12658 | D:9      | Identified the +3 spear "Cuekhiod" {spect, rElec rN+++
                  | Will-}
 12675 | D:9      | Found a transporter.
 12682 | D:9      | Found a transporter.
 12731 | D:9      | Found a transporter.
 12738 | D:9      | Found a transporter.
 12854 | D:9      | Found a staircase to the Lair.
 13398 | D:10     | Entered Level 10 of the Dungeon
 13405 | D:10     | Reached ***** piety under Okawaru
 13406 | D:10     | Reached skill level 10 in Fighting
 13415 | D:10     | Reached skill level 13 in Axes
 13777 | D:10     | Reached XP level 11. HP: 76/99 MP: 10/10
 13896 | D:10     | Paralysed by a hornet for 2 turns
 13928 | D:10     | Received a gift from Okawaru
 14081 | D:10     | Noticed a boulder beetle
 14102 | D:10     | Killed a boulder beetle
 14115 | D:10     | Noticed a two-headed ogre
 14125 | D:10     | Killed a two-headed ogre
 14131 | D:10     | Reached skill level 1 in Invocations
 14156 | D:10     | Identified the +0 short sword of Parts Unknown {spect, rF+}
 14216 | D:10     | Noticed a centaur warrior
 14216 | D:10     | Noticed a cyan ugly thing
 14230 | D:10     | Killed a cyan ugly thing
 14231 | D:10     | Reached skill level 14 in Axes
 14235 | D:10     | Killed a centaur warrior
 14235 | D:10     | Received a gift from Okawaru
 14630 | D:10     | Noticed an orc knight
 14657 | D:10     | Killed an orc knight
 15601 | D:11     | Reached XP level 12. HP: 97/112 MP: 12/12
 15619 | D:11     | Identified the +5 broad axe "Spiderslayer" {flame, rC+
                  | Dex+2} (Okawaru gifted it to you on level 11 of the
                  | Dungeon)
 15619 | D:11     | Received a gift from Okawaru
 15620 | D:11     | Reached skill level 15 in Axes
 15694 | D:11     | Noticed Nergalle
 15700 | D:11     | Killed Nergalle
 15841 | D:11     | Identified a scroll of acquirement
 15842 | D:11     | Acquired the +0 hat "Weaxizua" {rN+ Str+3 SInv}
 16126 | D:11     | Noticed Lodul
 16143 | D:11     | Killed Lodul
 16199 | D:11     | Noticed Gastronok
 16210 | D:11     | Killed Gastronok
 16577 | Lair:1   | Entered Level 1 of the Lair of Beasts
 16801 | Lair:1   | Reached skill level 16 in Axes
 16823 | Lair:1   | Received a gift from Okawaru
 17134 | Lair:1   | Identified the +2 robe "Bopton" {Str+3}
 17566 | Lair:2   | Reached ****** piety under Okawaru
 17566 | Lair:2   | Identified the +4 battleaxe "Luympies" {freeze, *Corrode
                  | rN+ SInv} (Okawaru gifted it to you on level 2 of the Lair
                  | of Beasts)
 17566 | Lair:2   | Received a gift from Okawaru
 17610 | Lair:2   | Noticed Sonja
 17627 | Lair:2   | Found a staircase to the Shoals.
 17641 | Lair:2   | HP: 3/113 [poisoned by Sonja]
 17774 | Lair:2   | Reached skill level 5 in Invocations
 17919 | Lair:2   | Reached XP level 13. HP: 119/119 MP: 15/15
 17992 | Lair:2   | Killed Sonja
 17995 | Lair:2   | Noticed Harold
 18006 | Lair:2   | Killed Harold
 18289 | Lair:2   | Received a gift from Okawaru
 18351 | Lair:2   | Reached skill level 17 in Axes
 18351 | Lair:2   | Found a hole to the Spider Nest.
 19881 | Lair:3   | Noticed Rupert
 19887 | Abyss:3  | Cast into level 3 of the Abyss (Rupert)
 19909 | Abyss:3  | Noticed a starcursed mass
 19955 | Abyss:3  | Identified the +7 chain mail of Deax {rElec} (Okawaru
                  | gifted it to you on level 3 of the Abyss)
 19955 | Abyss:3  | Received a gift from Okawaru
 19955 | Abyss:3  | Noticed a starcursed mass
 20007 | Abyss:3  | Noticed a dread lich
 20015 | Abyss:3  | Noticed a Tzitzimitl
 20027 | Abyss:3  | Noticed an Executioner
 20027 | Abyss:3  | HP: 7/177 [Executioner[a dread lich] (5)]
 20029 | Abyss:3  | Noticed a Hell Sentinel
 20030 | Abyss:3  | Slain by an Executioner

Illustrated notes

Levels and vault maps discovered:
D:1:      dpeg_arrival_shrine, layout_rooms, minmay_cupped
D:2:      layout_basic, hellmonk_ecumenical_altar_leap_of_faith, uniq_jessica
D:3:      layout_basic, nicolae_overflow_crystal_walls, gup_sewer_entry_pipe
D:4:      layout_basic, regret_index_temple_of_mockery, grunt_qazlal_sundering,
          serial_shops, nicolae_square_shop, kennysheep_generic_room_10
D:5:      layout_basic, mainiacjoe_overflow_tiny_flanked,
          nicolae_elyvilon_peaceful_grove, serial_shops,
          nicolae_shop_window_shopping, nicolae_shop_advertising_works
          [nicolae_subvault_shop_adworks], shop, uniq_menkaure
D:6:      layout_loops_ring, old_standard_altar
D:7:      layout_layer_cave, minmay_temple_entry_grid
D:8:      layout_gridville, enter_bailey_2, st_stairs_9
D:9:      layout_roguey, fedhas_altar_2, grunt_lair_entry_orc_guard_hut,
          zombieorc1_lemuel, nicolae_transporter_intersection, uniq_joseph
D:10:     minmay_the_grid_square_5x5_4x4
          [minmay_the_grid_square_5x5_hollow_slash,
          minmay_the_grid_square_5x5_detours,
          minmay_the_grid_square_5x5_checkered_sparse,
          minmay_the_grid_square_5x5_inner_v,
          minmay_the_grid_square_5x5_shrine2,
          minmay_the_grid_square_5x5_prize_pseudospiral,
          minmay_the_grid_square_5x5_prize_open,
          minmay_the_grid_square_5x5_shuriken,
          minmay_the_grid_square_5x5_three_walls,
          minmay_the_grid_square_5x5_prize_open,
          minmay_the_grid_square_5x5_prize_gold,
          minmay_the_grid_square_5x5_bridge, minmay_the_grid_square_5x5_dogpile,
          minmay_the_grid_square_5x5_meh, minmay_the_grid_square_5x5_inner_z,
          minmay_the_grid_square_5x5_intrusive_squares], layout_loops_ring,
          st_stairs_5, chequers_garden
D:11:     layout_small_grid, uniq_nergalle, uniq_gastronok, uniq_lodul
Lair:1:   layout_regular_city, lemuel_fruit_fields
Lair:2:   layout_concentric_octagons, elwin_shoals_entry_stream,
          spider_nest_entry_funnel_web, nicolae_lair_grazing_beasts
          [nicolae_sub_lair_graze_edge, nicolae_sub_lair_graze_edge,
          nicolae_sub_lair_graze_edge, nicolae_sub_lair_graze_edge],
          uniq_harold, uniq_sonja
Lair:3:   layout_cave_pods, serial_bayou_shore_b, grunt_megastairs_2,
          uniq_rupert, uniq_snorg
Abyss:3:  base: D:7, base: D:2, base:
D:2

Skill      XL: |  1  2  3  4  5  6  7  8  9 10 11 12 13 |
---------------+----------------------------------------+-----
Armour         | 4 5 6 8 9 10 12 13 14 | 14.1
Shields        | 4 5 6 7 8 9 |  9.6
Fighting       | 4 5 6 8 10 11 12 13 | 13.6
Axes           | 3 5 6 7 9 11 13 14 16 17 | 17.8
Throwing       | 1 2 |  2.0
Invocations    | 1 5 6 |  6.0
Evocations     | |  0.5

Action                     |  1- 3 |  4- 6 |  7- 9 | 10-12 | 13-15 || total
---------------------------+-------+-------+-------+-------+-------++-------
  Melee: War axe           |    55 |   117 |   275 |   386 |       ||   833
         Headbutt          |     5 |    11 |    40 |   114 |    29 ||   199
         Kick              |       |       |       |   177 |    51 ||   228
         Broad axe         |       |       |       |   205 |   170 ||   375
  Throw: Stone             |     2 |       |       |       |       ||     2
         Dart              |     1 |     1 |    10 |    21 |     1 ||    34
         Boomerang         |       |       |     5 |     8 |       ||    13
 Invoke: Heroism           |       |       |     2 |     6 |     3 ||    11
         Finesse           |       |       |       |       |     1 ||     1
  Evoke: Wand              |       |       |     1 |     1 |     3 ||     5
    Use: Scroll            |       |     7 |     5 |     9 |     3 ||    24
         Potion            |       |     4 |     3 |     6 |     8 ||    21
   Stab: Invisible         |       |       |     3 |       |       ||     3
         Fleeing           |       |       |       |       |     1 ||     1
 Armour: Scale mail        |    25 |    53 |   149 |     5 |       ||   232
         Skin              |     1 |       |       |     4 |    21 ||    26
         Plate armour      |       |       |       |   283 |    67 ||   350
  Dodge: Dodged            |    25 |    52 |   151 |   150 |    51 ||   429
  Block: Buckler           |    10 |    28 |    80 |   142 |    46 ||   306
